 Dungeon Crawl Stone Soup version 0.29.0-13-gc9e81de378 (webtiles) character file.

Game seed: 9715375531294279002

37 SnakkuSnakku7 the Chopper (level 3, -4/32 HPs)
             Began as a Naga Warper on Sept 9, 2022.
             Slain by a gnoll
             ... wielding a +0 spear
              (9 damage)
             ... on level 2 of the Dungeon.
             The game lasted 00:01:28 (1824 turns).

SnakkuSnakku7 the Chopper (Naga Warper)             Turns: 1824, Time: 00:01:29

Health: -4/32      AC:  2    Str: 15    XL:     3   Next: 41%
Magic:  6/6        EV:  9    Int: 13    God:
Gold:   24         SH:  0    Dex: 10    Spells: 6/6 levels left

rFire   . . .      SeeInvis +   a - +0 hand axe
rCold   . . .      Faith    .   (no shield)
rNeg    . . .      Spirit   .   b - +0 leather armour
rPois   +          Reflect  .   (no helmet)
rElec   .          Harm     .   (no cloak)
rCorr   .          Rampage  .   (no gloves)
Will    .....                   (no barding)
Stlth   +.........              (no amulet)
HPRegen 0.10/turn               (no ring)
MPRegen 0.10/turn               (no ring)

@: very slow
A: AC +1, large, see invisible, deformed body, poison resistance, slowness 2,
spit poison 1, naga tail 1
a: Spit Poison


You were on level 2 of the Dungeon.
You visited 1 branch of the dungeon, and saw 2 of its levels.

You collected 24 gold pieces.

Inventory:

Hand Weapons
 a - a +0 hand axe (weapon)
Missiles
 d - 6 boomerangs of dispersal
Armour
 b - a +0 leather armour (worn)
Jewellery
 j - a ring of willpower
Scrolls
 c - a scroll of blinking
 f - 2 scrolls of identify {unknown}
 h - 2 scrolls of enchant weapon {unknown}
Potions
 e - a potion of lignification {unknown}
 g - a potion of brilliance {unknown}
 i - a potion of haste {unknown}
 k - a potion of heal wounds {unknown}


   Skills:
 - Level 2.0 Fighting
 + Level 3.7 Axes
 - Level 0.8 Throwing
 - Level 0.7 Armour
 - Level 1.5 Dodging
 - Level 2.0 Spellcasting
 - Level 3.0 Translocations


You had 6 spell levels left.
You didn't know any spells.
Your spell library contained the following spells:

 Spells                   Type           Power      Damage    Failure   Level
 Blink                    Tloc           18%        N/A       14%         2
 Gell's Gravitas          Tloc           9%         N/A       26%         3
 Lesser Beckoning         Tloc           9%         N/A       26%         3
 Teleport Other           Tloc           9%         N/A       26%         3
 Dazzling Flash           Conj/Hex       2%         N/A       67%         3
 Iskenderun's Mystic Bla  Conj/Tloc      5%         2d3       86%         4
 Manifold Assault         Tloc           9%         N/A       94%         5
 Starburst                Conj/Fire      0%         6d3       100%        6


Dungeon Overview and Level Annotations

Branches:
Dungeon (2/15)

Altars:

Shops:
D:1 ?:!


Innate Abilities, Weirdness & Mutations

Your serpentine skin is tough. (AC +1)
You have supernaturally acute eyesight. (SInv)
Armour fits poorly on your strangely shaped body.
Your system is resistant to poisons. (rPois)
You cover ground very slowly.
You can spit poison.
You have a snake-like lower body.


Message History

The worm bites you.
You hit the worm.
You kill the worm!
You hit the rat but do no damage. You closely miss the frilled lizard.
The bat hits you but does no damage.
The frilled lizard bites you but does no damage.
The rat bites you.
Unknown command.
You hit the frilled lizard.
You kill the frilled lizard!
You closely miss the rat. The bat barely misses you. The rat barely misses you.
You hit the rat.
You kill the rat!
The bat barely misses you.
Unknown command.
You closely miss the bat. The bat hits you but does no damage.
The bat hits you.
You see here a worm corpse.
Unknown command.
A bat and a gnoll come into view.
The bat hits you but does no damage. The bat closely misses you.
You slash the bat!
You kill the bat!
The bat hits you but does no damage.
A hobgoblin comes into view.
The hobgoblin shouts!
The bat hits you but does no damage. The bat hits you.
The bat hits you but does no damage.
Unknown command.
You closely miss the bat. You punch the bat.
You kill the bat!
A gnoll comes into view. It is wielding a +3 flail.
The gnoll hits you with a +0 spear!
A gnoll comes into view. It is wielding a +0 spear.
The gnoll shouts!
The gnoll hits you with a +0 spear!
* * * LOW HITPOINT WARNING * * *
The gnoll closely misses you.
The gnoll hits you from afar with a +0 spear!
You die...

..............#..
..............#..
.......>..?.....#
.....<...........
...............#
...............##
........†........
.......<@††......
....[...g........
.........g.......
$................
............g....
####.........g...
#........#....
#.........#....
#..#........ ...


You could see 3 gnolls and a hobgoblin.

Vanquished Creatures
  A worm (D:2)
  A dart slug (D:1)
  2 ball pythons (D:1)
  4 bats
  3 endoplasms (D:1)
  2 giant cockroaches (D:1)
  4 hobgoblins (D:1)
  3 frilled lizards
  4 goblins (D:1)
  3 kobolds (D:1)
  5 rats
32 creatures vanquished.

Notes
Turn   | Place    | Note
-------+----------+-------------------------------------------
     0 | D:1      | SnakkuSnakku7 the Naga Warper began the quest for the Orb.
     0 | D:1      | Reached XP level 1. HP: 19/19 MP: 3/3
   344 | D:1      | Reached XP level 2. HP: 10/26 MP: 5/5
   953 | D:1      | Found Faomux's Magic Scroll Shop.
   978 | D:1      | Found a faded altar of an unknown god.
  1124 | D:1      | Found Dux Ilos's Distillery.
  1131 | D:1      | Reached XP level 3. HP: 17/32 MP: 6/6
  1704 | D:1      | Found Ubbif's Book Shoppe.
  1824 | D:2      | Slain by a gnoll

Illustrated notes

Levels and vault maps discovered:
D:1:      amcnicky_arrival_gap_in_the_tavern_cellar, layout_basic, serial_shops,
          nicolae_shop_window_shopping, shop, shop,
          ebering_ecumenical_altar_ruins
D:2:      layout_rooms

Skill      XL: |  1  2 |
---------------+-------+-----
Axes           | 3 |  3.7
Fighting       | |  2.0
Throwing       | |  0.8
Armour         | |  0.7
Dodging        | |  1.5
Spellcasting   | |  2.0
Translocations | |  3.0

Action                   || total
-------------------------++-------
Melee: Hand axe          ||    84
       Punch             ||     2
Throw: Boomerang         ||     1
 Abil: Spit Poison       ||     4
Armor: Leather armour    ||    38
Dodge: Dodged            ||    58
